 Dungeon Crawl Stone Soup version 0.20.1-1-g8b1a95d (webtiles) character file.

137 Nattfarinn the Skirmisher (level 5, 0/51 HPs)
             Began as a Gargoyle Berserker on Aug 3, 2017.
             Was a Priest of Trog.
             Slain by an adder (2 damage)
             ... in a sewer.
             The game lasted 00:04:55 (2785 turns).

Nattfarinn the Skirmisher (Gargoyle Berserker)      Turns: 2785, Time: 00:04:56

Health: 0/51       AC:  6    Str: 25    XL:     5   Next: 20%
Magic:  5/5        EV:  9    Int:  8    God:    Trog [***...]
Gold:   88         SH:  0    Dex: 10    Spells: 4/4 levels left

rFire    . . .     SeeInvis .   a - +0 mace
rCold    . . .     Gourm    .   (no shield)
rNeg     + . .     Faith    .   b - +0 animal skin
rPois    ∞         Spirit   .   (no helmet)
rElec    +         Reflect  .   (no cloak)
rCorr    .         Harm     .   (no gloves)
MR       .....                  (no boots)
Stlth    ..........             (no amulet)
Regen    0.2/turn               (no ring)
MPRegen  0.1/turn               (no ring)

@: berserking, constricted, slow
A: negative energy resistance 1, electricity resistance, unbreathing,
petrification resistance, rot immunity, AC +4
a: Berserk, Trog's Hand, Burn Spellbooks, Renounce Religion


You were in a sewer.
You worshipped Trog.
Trog was most pleased with you.
You were very hungry.

You visited 1 branch of the dungeon, and saw 3 of its levels.
You also visited: Sewer.

You collected 88 gold pieces.

Inventory:

Hand Weapons
 a - a +0 mace (weapon)
 e - a -2 whip
Missiles
 m - 33 poisoned needles
Armour
 b - a +0 animal skin (worn)
 h - a +0 robe
Jewellery
 q - an uncursed ring of resist corrosion {unknown}
Scrolls
 k - 3 scrolls of teleportation {unknown}
 l - 2 scrolls of identify {unknown}
 n - 2 scrolls of recharging {unknown}
 o - a scroll of enchant weapon {unknown}
 p - a scroll of blinking {unknown}
 r - a scroll of random uselessness {unknown}
 u - 2 scrolls of fog {unknown}
 y - a scroll of remove curse
Potions
 d - a potion of flight {unknown}
 f - 3 potions of curing {unknown}
 g - 3 potions of haste {unknown}
 i - a potion of mutation {unknown}
 j - a potion of ambrosia {unknown}
 v - a potion of might {unknown}
 w - a potion of brilliance {unknown}
 x - a potion of magic {unknown}
Comestibles
 c - 2 bread rations
 s - a royal jelly
 t - a meat ration


   Skills:
 * Level 4.8 Fighting
 + Level 4.6 Maces & Flails
 + Level 2.2 Armour
 - Level 1.5 Dodging


You had 4 spell levels left.
You didn't know any spells.

Dungeon Overview and Level Annotations

Branches:
Dungeon (3/15)

Altars:
Gozag


Innate Abilities, Weirdness & Mutations

You are resistant to torment.
Your stone body is resilient. (AC +4)
You are immune to poison.
You resist negative energy. (rN+)
You are resistant to electric shocks. (rElec)
You can survive without breathing.
You are immune to petrification.
You are immune to rotting.


Message History

The bullfrog closely misses you. The adder bites you but does no damage.
The ball python barely misses you.
The ball python bites you but does no damage.
The ball python constricts you.
The ball python bites you but does no damage.
The adder barely misses you. The bullfrog closely misses you.
The adder closely misses you.
Your unstable footing causes you to fumble your attack.
The bullfrog hits you but does no damage.
The adder barely misses you. The ball python completely misses you.
The adder barely misses you.
The ball python bites you but does no damage.
The ball python constricts you. The ball python completely misses you.
The bullfrog hits you but does no damage. x2
The adder bites you but does no damage.
You closely miss the bullfrog. The adder bites you but does no damage.
The ball python barely misses you. The bullfrog hits you.
* * * LOW HITPOINT WARNING * * *
The adder bites you.
You die...

##...............##
#.......#.........#
#......##'##......##
......###..##......#
.≈≈≈≈## #..###≈≈≈≈##
≈≈≈≈≈≈# #####≈≈≈≈≈≈#
≈≈≈≈≈≈# #≈≈≈≈≈≈#
≈≈≈≈≈≈# #≈≈SSS≈#
≈≈≈≈≈≈# #≈≈F@SS#
≈≈≈≈≈≈# #≈≈SFS≈#
#≈÷÷÷≈# #≈≈≈l≈≈#
≈≈..÷≈# #≈≈≈≈≈≈#
#≈≈≈≈≈# #≈≈≈≈.≈#
≈≈≈≈≈≈# #≈≈≈≈.≈#
≈≈≈≈≈≈# #≈≈≈≈≈≈#
≈≈≈≈≈≈# #≈≈≈≈≈≈#
≈≈≈≈≈≈# #≈≈≈≈≈≈#


You could see 2 bullfrogs, 3 adders, 4 ball pythons and a frilled lizard.

Vanquished Creatures
  3 adders
  3 river rats
  2 worms (D:2)
  A dart slug (D:1)
  9 ball pythons
  4 bats
  4 giant cockroaches
  8 goblins
  6 hobgoblins
  4 jackals (D:2)
  A quokka (D:3)
  6 frilled lizards
  3 kobolds (D:1)
  31 rats
85 creatures vanquished.

Notes
Turn   | Place    | Note
-------+----------+-------------------------------------------
     0 | D:1      | Nattfarinn the Gargoyle Berserker began the quest for the Orb.
     0 | D:1      | Reached XP level 1. HP: 14/14 MP: 1/1
   204 | D:1      | Reached XP level 2. HP: 17/20 MP: 2/2
   666 | D:2      | Reached XP level 3. HP: 10/24 MP: 3/3
  1872 | D:3      | Reached ** piety under Trog
  1934 | D:3      | Reached XP level 4. HP: 30/30 MP: 4/4
  1941 | D:3      | Found an opulent altar of Gozag.
  2071 | D:3      | Found a glowing drain.
  2095 | Sewer    | Entered a sewer
  2501 | Sewer    | Reached XP level 5. HP: 12/34 MP: 5/5
  2503 | Sewer    | Reached *** piety under Trog
  2785 | Sewer    | HP: 2/51 [bullfrog (6)]
  2785 | Sewer    | Slain by an adder

Skill      XL: |  1  2  3  4 |
---------------+-------------+-----
Fighting       | 4 |  4.8
Maces & Flails | 4 |  4.6
Armour         | |  2.2
Dodging        | |  1.5

Action                   |  1- 3 |  4- 6 || total
-------------------------+-------+-------++-------
Melee: Mace              |   117 |   133 ||   250
       Whip              |     2 |       ||     2
Invok: Berserk           |       |     4 ||     4
  Use: Scroll            |     1 |       ||     1
 Stab: Sleeping          |     1 |       ||     1
  Eat: Chunk             |     2 |     7 ||     9
Armor: Animal skin       |    35 |    92 ||   127
Dodge: Dodged            |    78 |   148 ||   226
